 Dungeon Crawl Stone Soup version 0.28-a0-851-g8b9cc49659 (webtiles) character file.

Game seed: 9263081085223926501

953 Strat the Cleaver (level 8, -2/65 (70) HPs)
             Began as a Hill Orc Cinder Acolyte on Nov 15, 2021.
             Was a High Priest of Ignis.
             Slain by a wight (6 damage)
             ... on level 4 of the Dungeon.
             The game lasted 00:11:38 (5732 turns).

Strat the Cleaver (Hill Orc Cinder Acolyte)         Turns: 5732, Time: 00:11:40

HP:   -2/65 (70)    AC:  7    Str: 19    XL:     8   Next: 14%
MP:   9/9           EV: 10    Int: 16    God:    Ignis [*****.]
Gold: 213           SH:  0    Dex:  6    Spells: 7/9 levels left

rFire   + . .      SeeInvis +   a - +6 hand axe "Viryaf" {drain, rPois Int+2 SInv}
rCold   . . .      Faith    .   (no shield)
rNeg    . . .      Spirit   .   f - +0 ring mail
rPois   +          Reflect  .   n - +0 helmet
rElec   .          Harm     .   (no cloak)
rCorr   .          Rampage  .   (no gloves)
Will    .....                   (no boots)
Stlth   ..........              (no amulet)
HPRegen 0.20/turn               (no ring)
MPRegen 0.11/turn               (no ring)

@: drained, invisible
A: no striking features
a: Renounce Religion, Sea of Fire, Foxfire Swarm, Rising Flame


You were on level 4 of the Dungeon.
You worshipped Ignis.
Ignis was extremely pleased with you.
You visited 1 branch of the dungeon, and saw 4 of its levels.

You collected 213 gold pieces.

Inventory:

Hand Weapons
 a - the +6 hand axe "Viryaf" (weapon) {drain, rPois Int+2 SInv}
   (You took it off a kobold on level 4 of the Dungeon)

   A truly terrible weapon, it drains the life of any living foe it strikes.
   Int:       It affects your intelligence (+2).
   rPois:     It protects you from poison.
   SInv:      It lets you see invisible.
 b - a +0 hunting sling
 m - a +0 morningstar
 s - a -1 hand axe of flaming
Missiles
 e - 61 stones (quivered)
Armour
 f - a +0 ring mail (worn)
 j - a +0 robe
 n - a +0 helmet (worn)
Jewellery
 t - a ring of flight
Wands
 p - a wand of polymorph (5)
Scrolls
 d - a scroll of amnesia
 i - a scroll of magic mapping
 k - a scroll of identify
 o - a scroll of teleportation
Potions
 c - 2 potions of curing {unknown}
 g - 2 potions of might
 l - a potion of attraction {unknown}
 q - 2 potions of flight


   Skills:
 + Level 5.8 Fighting
 - Level 10.0 Axes
 - Level 4.0 Armour
 - Level 1.0 Spellcasting
 - Level 4.0 Fire Magic


You had 7 spell levels left.
You knew the following spells:

 Your Spells              Type           Power      Damage    Failure   Level
a - Scorch                Fire           26%        2d6       11%         2

Your spell library contained the following spells:

 Spells                   Type           Power      Damage    Failure   Level
 Ensorcelled Hibernation  Hex/Ice        0%         N/A       50%         2
 Spider Form              Tmut/Pois      0%         N/A       75%         3


Dungeon Overview and Level Annotations

Branches:
Dungeon (4/15)
 Temple: D:4-7

Altars:
Cheibriados
Kikubaaqudgha
Trog
Xom
Yredelemnul

Shops:
D:3 (


Message History

The orc is almost dead.
You hit the wight. The orc closely misses you.
You hit the orc but do no damage. You drain the orc.
You kill the orc!
You hit the wight but do no damage.
The wight hits you with a +1 short sword of freezing!
* * * LOW HITPOINT WARNING * * *
The wight freezes you.
* * * LOW HITPOINT WARNING * * *
Things that are here:
a +0 morningstar; a +0 leather armour The orc priest looks satisfied for a moment.
The orc wizard shouts!
The orc wizard hits you but does no damage.
You closely miss the orc wizard. You closely miss the wight.
The orc wizard gestures wildly while chanting.
The orc wizard flickers and vanishes for a moment.
You hit the orc wizard. You drain the orc wizard.
The orc wizard is moderately wounded.
You hit the wight. The wight hits you but does no damage.
You barely miss the orc wizard.
The orc wizard is moderately wounded.
You closely miss the wight. You hit the wight but do no damage.
The orc wizard hits you but does no damage.
The wight hits you with a +4 short sword.
* * * LOW HITPOINT WARNING * * *
The wight hits you with a +1 short sword of freezing.
* * * LOW HITPOINT WARNING * * *
You feel drained.
* * * LOW HITPOINT WARNING * * *
The wight freezes you.
* * * LOW HITPOINT WARNING * * *
You fade into invisibility!
The orc wizard hits you but does no damage.
The wight hits you with a +4 short sword!
* * * LOW HITPOINT WARNING * * *
You feel drained.
* * * LOW HITPOINT WARNING * * *
The wight hits you with a +1 short sword of freezing.
You die...

##..##o#.#.#####..#
#.>##.#.#.#,,,#..#
##.##o#.#..,,,#..#
#.##?#.####*,#..#
#.##z#..,,,,,#..#
#.##.#########..#
#.##o####.......##
#o##..z...........
#@#######.########
#zzoo.)...#
###########


You could see 2 wights, an orc priest, an orc wizard (invisible, drained) and an
orc.

Vanquished Creatures
  Grinder (D:3)
  Sigmund (D:3)
  2 scorpions (D:4)
  A wight (D:4)
  A centaur skeleton (D:4)
  2 orc priests (D:4)
  Jessica (D:2)
  An iguana (D:4)
  Natasha (thrice) (D:3)
  3 orc wizards
  Robin (D:3)
  4 gnolls (D:4)
  3 adders
  3 dart slugs
  11 orcs
  4 ball pythons
  4 bats
  6 endoplasms
  A giant cockroach (D:1)
  10 hobgoblins
  2 quokkas
  4 frilled lizards
  13 goblins
  8 kobolds
  5 rats
95 creatures vanquished.

Vanquished Creatures (others)
  24 fungi (D:3)
24 creatures vanquished.

Grand Total: 119 creatures vanquished

Notes
Turn   | Place    | Note
-------+----------+-------------------------------------------
     0 | D:1      | Strat the Hill Orc Cinder Acolyte began the quest for the
                  | Orb.
     0 | D:1      | Reached XP level 1. HP: 19/19 MP: 2/2
   331 | D:1      | Reached XP level 2. HP: 21/26 MP: 3/3
   409 | D:1      | Learned a level 2 spell: Scorch
   527 | D:1      | Found a faded altar of an unknown god.
   639 | D:1      | Reached skill level 5 in Axes
  1365 | D:2      | Reached XP level 3. HP: 19/31 MP: 1/4
  1597 | D:2      | Noticed Jessica
  1603 | D:2      | Killed Jessica
  1604 | D:2      | Reached XP level 4. HP: 36/39 MP: 0/5
  1807 | D:2      | Reached skill level 6 in Axes
  2469 | D:3      | Noticed Grinder
  2563 | D:3      | Found Taahiuh's Antique Weapon Shoppe.
  2651 | D:3      | Reached XP level 5. HP: 45/45 MP: 3/6
  2691 | D:3      | Reached skill level 7 in Axes
  2822 | D:3      | Found an ancient bone altar of Kikubaaqudgha.
  2981 | D:3      | Found a snail-covered altar of Cheibriados.
  3005 | D:3      | Noticed Sigmund
  3067 | D:3      | Found a bloodstained altar of Trog.
  3210 | D:3      | Noticed Natasha
  3235 | D:3      | Killed Natasha
  3236 | D:3      | Reached skill level 1 in Armour
  3272 | D:3      | Noticed Natasha
  3850 | D:3      | Killed Natasha
  3865 | D:3      | Noticed Natasha
  3952 | D:3      | Killed Sigmund
  3953 | D:3      | Reached skill level 8 in Axes
  3953 | D:3      | Reached XP level 6. HP: 51/51 MP: 0/7
  4146 | D:3      | Noticed Robin
  4152 | D:3      | Killed Robin
  4228 | D:3      | Killed Natasha
  4419 | D:3      | Killed Grinder
  4420 | D:3      | Reached skill level 9 in Axes
  4420 | D:3      | Reached XP level 7. HP: 32/57 MP: 2/8
  4571 | D:3      | Found a shimmering altar of Xom.
  4675 | D:4      | Found a basalt altar of Yredelemnul.
  4675 | D:4      | Identified the +6 hand axe "Viryaf" {drain, rPois Int+2
                  | SInv}
  4957 | D:4      | Reached skill level 10 in Axes
  5577 | D:4      | Reached skill level 5 in Fighting
  5577 | D:4      | Reached XP level 8. HP: 67/68 MP: 9/9
  5732 | D:4      | Slain by a wight

Illustrated notes

Levels and vault maps discovered:
D:1:      erik_arrival_cave_to_civilisation [erik_arrival_cave_to_hall],
          layout_loops_ring, serial_glass, glass_columns_c, glass_columns_a,
          item_on_display_a, feat_on_display, item_on_display_a,
          hellmonk_ecumenical_altar_blasted
D:2:      layout_rooms, minmay_misc_feat_roman, uniq_jessica
D:3:      layout_rooms, tgw_xom, lemuel_tele_altar,
          mainiacjoe_overflow_chevrons, mainiacjoe_overflow_paths, serial_shops,
          shop, uniq_sigmund, uniq_natasha, uniq_grinder, uniq_robin
D:4:      layout_basic, mainiacjoe_overflow_catwalk

Skill      XL: |  1  2  3  4  5  6  7 |
---------------+----------------------+-----
Axes           | 5 6 8 9 10 | 10.0
Fire Magic     | 4 |  4.0
Armour         | 3 4 |  4.0
Fighting       | 5 |  5.8
Spellcasting   | |  1.0

Action                   |  1- 3 |  4- 6 |  7- 9 || total
-------------------------+-------+-------+-------++-------
Melee: Hand axe          |    52 |   127 |    53 ||   232
 Fire: Hunting sling     |       |     5 |       ||     5
 Cast: Scorch            |    11 |    36 |    18 ||    65
  Use: Scroll            |       |       |     8 ||     8
       Potion            |       |       |     2 ||     2
Armor: Robe              |     9 |       |       ||     9
       Ring mail         |     2 |    59 |    20 ||    81
Dodge: Dodged            |    28 |    73 |    27 ||   128

Table legend: (Time is in decaauts)
 A = Elapsed time spent in this place.
 B = Non-inter-level travel time spent in this place.
 C = Inter-level travel time spent in this place.
 D = Time resting spent in this place.
 E = Time spent auto-exploring this place.
 F = Levels seen in this place.
 G = Mean time per level.
                   A        B        C        D        E       F      G
               +--------+--------+--------+--------+--------+-----+--------+
         Total |   5737 |   5460 |    277 |   1536 |   2820 |   4 | 1434.2 |
       Dungeon |   5737 |   5460 |    277 |   1536 |   2820 |   4 | 1434.2 |
               +--------+--------+--------+--------+--------+-----+--------+

Top non-repeatable levels by time:
     D:3: 1910 daAuts
     D:1: 1489 daAuts
     D:2: 1305 daAuts
     D:4: 1031 daAuts
